 Dungeon Crawl Stone Soup version 0.18.1-50-g88ac8fd (webtiles) character file.

49 Huivn the Grave Robber (level 3, 0/24 HPs)
             Began as a Vampire Necromancer on Oct 24, 2016.
             Succumbed to an adder's poison
             ... on level 1 of the Dungeon.
             The game lasted 00:15:57 (1697 turns).

Huivn the Grave Robber (Vampire Necromancer)        Turns: 1697, Time: 00:15:57

Health: 0/24       AC:  7    Str:  7    XL:     3   Next: 53%
Magic:  0/6        EV: 13    Int: 18    God:
Gold:   43         SH:  0    Dex: 14    Spells: 2 memorised, 4 levels left

rFire  . . .     SeeInvis +     j - +0 dagger {Shanker}
rCold  . . .     Gourm    .     a - +0 robe
rNeg   + . .     Faith    .     (no shield)
rPois  .         Spirit   .     (no helmet)
rElec  .         Dismiss  .     (no cloak)
rCorr  .         Reflect  .     (no gloves)
SustAt .         Harm     .     (no boots)
MR     .....                    k - amulet of rage
Stlth  ++........               (no ring)
                                h - +5 ring of protection

@: lethally poisoned (0 -> -10), not resistant to hostile enchantments,
unstealthy
A: fangs 3, see invisible, unbreathing
a: Bat Form, Evoke Berserk Rage


You were on level 1 of the Dungeon.
You were not thirsty.

You visited 1 branch of the dungeon, and saw 2 of its levels.

You collected 43 gold pieces.

Inventory:

Hand Weapons
 j - a +0 dagger (weapon) {Shanker}
Armour
 a - a +0 robe (worn)
Jewellery
 h - a +5 ring of protection (left hand)
 i - an uncursed ring of ice
 k - an amulet of rage (around neck)
Scrolls
 d - a scroll of blinking
Potions
 c - a potion of blood
 e - a potion of cure mutation
Books
 b - a book of Necromancy

   Spells                             Type                      Level
   a - Pain                           Necromancy                   1
   b - Animate Skeleton               Necromancy                   1
   c - Vampiric Draining              Necromancy                   3
   d - Regeneration                   Charms/Necromancy            3
   e - Animate Dead                   Necromancy                   4
   f - Control Undead                 Necromancy                   4


   Skills:
 + Level 2.6 Dodging
 + Level 3.1 Stealth
 + Level 2.3 Spellcasting
 + Level 5.3 Necromancy


You had 4 spell levels left.
You knew the following spells:

 Your Spells              Type           Power        Failure   Level  Hunger
a - Pain                  Necr           ###.         1%          1    #......
b - Animate Skeleton      Necr           N/A          1%          1    #......


Dungeon Overview and Level Annotations

Branches:
Dungeon (2/15)

Altars:


Innate Abilities, Weirdness & Mutations

You have razor-sharp teeth.
You have supernaturally acute eyesight.
You can survive without breathing.


Message History

* * * LOW HITPOINT WARNING * * *
You are more poisoned.
The adder poisons you!
* * * LOW HITPOINT WARNING * * *
You feel sick. The bat barely misses you. The adder barely misses you.
The bat closely misses you. x2; The adder barely misses you.
You climb upwards.
* * * LOW HITPOINT WARNING * * *
You feel sick.
There is a stone staircase leading down here.
Casting: Pain
Confirm with . or Enter, or press ? or * to list all spells.
Aiming: Pain
Press: ? - help, Shift-Dir - straight line, f - adder
Aim: an adder (heavily wounded, chance to defeat MR: 86%)
The adder convulses in agony!
* * * LOW HITPOINT WARNING * * *
You feel sick. The adder bites you.
* * * LOW HITPOINT WARNING * * *
You die...

########## #........#
#.######## #.# #######
#.# #.....# #.# ###
#####.....# #.# #.#
####.........####.# #.#
...'............@>#####.#
####......)..####.S.....#
# #.........# #####...# #
#..>......# #.#.# #
#....###### #.#.# #
#....# #.### ####....#
#.# ..##....# #.#
#.##....########### #.#


You could see an adder.

Vanquished Creatures
  An ooze (D:1)
  3 dart slugs (D:1)
  A giant gecko (D:2)
  5 bats (D:1)
  5 giant cockroaches (D:1)
  6 goblins (D:1)
  2 hobgoblins (D:1)
  3 jackals (D:1)
  2 giant newts (D:1)
  A kobold (D:1)
  6 rats (D:1)
35 creatures vanquished.

Notes
Turn   | Place    | Note
--------------------------------------------------------------
     0 | D:1      | Huivn the Vampire Necromancer began the quest for the Orb.
     0 | D:1      | Reached XP level 1. HP: 13/13 MP: 3/3
   341 | D:1      | Reached XP level 2. HP: 19/19 MP: 1/5
   551 | D:1      | Learned a level 1 spell: Animate Skeleton
  1056 | D:1      | Reached skill level 5 in Necromancy
  1056 | D:1      | Reached XP level 3. HP: 21/24 MP: 1/6
  1696 | D:1      | HP: 1/24 [adder (2)]
  1697 | D:1      | Succumbed to an adder's poison

Skill      XL: |  1  2 |
---------------+-------+-----
Necromancy     | 5 |  5.3
Dodging        | |  2.6
Stealth        | |  3.1
Spellcasting   | |  2.3

Action                   || total
-------------------------++-------
Melee: Unarmed           ||    11
       Bite              ||     4
       Dagger            ||    15
 Cast: Pain              ||    63
       Animate Skeleton  ||     3
  Use: Scroll            ||     4
 Stab: Sleeping          ||     2
  Eat: Corpse            ||     6
Armor: Robe              ||    12
Dodge: Dodged            ||    47
